Workbook

Sheet Start
B2: ABOUT THIS TEMPLATE
B4: Use this spreadsheet to track travel budget and ultimately have all approvals for domestic travel in one place
B6: BUDGET TRACKER ON EACH TAB (top left-hand corner)
B7: Enter budget amount ONLY on Travel Motivation Tab
B8: Enter the name of your School
B9: Other fields will pre-populate and highlights if over/under budget
B11: TRAVEL MOTIVATION TAB
B12: Enter information as per headings
B14: Blue Columns
B15: Applicant and travel details
B17: Orange Columns
B18: Estimated travel costs (total will autosum)
... B39: Comment - detail why over budget

Sheet Travel Budget
A1: TRAVEL BUDGET
A2: 2025 BUDGET | C2: School
A3: Estimated | B3: =B2-X1807 -> 0
A4: Standard Value | B4: 0
A5: Actual | B5: =B2-'Travel Review'!Z1808 -> 0
A6: Name | B6: Employee ID | C6: School | D6: Departure City | E6: Destination City | F6: Travel Application Date | G6: Departure Date | H6: Return Date | I6: Total Days (incl.) | K6: Purpose (Select from drop-down) | L6: Details | M6: Benefit to Otago Polytechnic | N6: Number of Learners (If teaching trip) | O6: SITE | P6: BUN | Q6: Acct Code | S6: Flights Estimated | T6: Accomm Estimated | U6: Meals Estimated | V6: Rental Car Estimated (If applicable) | W6: Misc Estimated | X6: Total Estimated | Y6: Has this been budgeted for | Z6: Approval HOC/DIR | AA6: Approval DED (Intl only) | AB6: Approval ED (Intl only)
A7: Example: Joe Soap | B7: 12345 | C7: Nursing | D7: Dunedin | E7: Christchurch | F7: 45586 | G7: 45607 | H7: 45609 | I7: 3 | K7: Professional Development | L7: Symposium at Crowne Plaza Hotel | M7: Gaining knowledge & best-practice in particular field etc. | N7: 0 | O7: 101 | P7: 80103 | Q7: 223 | S7: 300 | T7: 400 | U7: 150 | V7: 150 | W7: 100 | X7: =SUM(S7:W7) -> 1100 | Y7: Yes | Z7: Yes
X8: =SUM(S8:W8) -> 0
X9: =SUM(S9:W9) -> 0
X10: =SUM(S10:W10) -> 0
X11: =SUM(S11:W11) -> 0
X12: =SUM(S12:W12) -> 0
X13: =SUM(S13:W13) -> 0
X14: =SUM(S14:W14) -> 0
X15: =SUM(S15:W15) -> 0
X16: =SUM(S16:W16) -> 0
X17: =SUM(S17:W17) -> 0
X18: =SUM(S18:W18) -> 0
X19: =SUM(S19:W19) -> 0
... X1806: =SUM(S1806:W1806) -> 0
X1807: =SUM(X8:X1806) -> 0

Sheet Sheet4
A1: Reason for Travel | C1: Approval
A2: Graduation | C2: Yes
A3: Industry Event | C3: No
A4: Industry Meeting
A5: Moderation
A6: Professional Development
A7: Research
A8: Teaching
A9: Team Planning
A10: Other

Sheet Travel Review
A1: TRAVEL REVIEW
A2: {='Travel Budget'!A2:B2} -> 2025 BUDGET | B2: 0
A3: {='Travel Budget'!A3:B3} -> Estimated | B3: 0
A4: ='Travel Budget'!A4 -> Standard Value | B4: ='Travel Budget'!B4 -> 0
A5: {='Travel Budget'!A5:B5} -> Actual | B5: 0
A6: ='Travel Budget'!A6 -> Name | B6: ='Travel Budget'!B6 -> Employee ID | C6: ='Travel Budget'!C6 -> School | D6: ='Travel Budget'!D6 -> Departure City | E6: ='Travel Budget'!E6 -> Destination City | F6: ='Travel Budget'!F6 -> Travel Application Date | G6: ='Travel Budget'!G6 -> Departure Date | H6: ='Travel Budget'!H6 -> Return Date | I6: ='Travel Budget'!I6 -> Total Days (incl.) | K6: BUN | L6: Acct Code | N6: ='Travel Budget'!S6 -> Flights Estimated | O6: ='Travel Budget'!T6 -> Accomm Estimated | P6: ='Travel Budget'!U6 -> Meals Estimated | Q6: ='Travel Budget'!V6 -> Rental Car Estimated (If applicable) | R6: ='Travel Budget'!W6 -> Misc Estimated | S6: ='Travel Budget'!X6 -> Total Estimated | U6: Flights Actual | V6: Accomm Actual | W6: Meals Actual | X6: Rental Car Actual | Y6: Misc Actual | Z6: Total Actual | AB6: Variance Actual / Est. | AC6: Comment (Provide details if expenses are over budgeted amount)
A7: ='Travel Budget'!A7 -> Example: Joe Soap | B7: ='Travel Budget'!B7 -> 12345 | C7: ='Travel Budget'!C7 -> Nursing | D7: ='Travel Budget'!D7 -> Dunedin | E7: ='Travel Budget'!E7 -> Christchurch | F7: ='Travel Budget'!F7 -> 45586 | G7: ='Travel Budget'!G7 -> 45607 | H7: ='Travel Budget'!H7 -> 45609 | I7: ='Travel Budget'!I7 -> 3 | K7: ='Travel Budget'!P7 -> 80103 | L7: ='Travel Budget'!Q7 -> 223 | N7: ='Travel Budget'!S7 -> 300 | O7: ='Travel Budget'!T7 -> 400 | P7: ='Travel Budget'!U7 -> 150 | Q7: ='Travel Budget'!V7 -> 150 | R7: ='Travel Budget'!W7 -> 100 | S7: ='Travel Budget'!X7 -> 1100 | U7: 300 | V7: 400 | W7: 150 | X7: 150 | Y7: 100 | Z7: =SUM(U7:Y7) -> 1100 | AB7: =SUM(Z7-S7) -> 0 | AC7: Took too long to confirm flights and the price increased
A8: ='Travel Budget'!A8 -> 0 | B8: ='Travel Budget'!B8 -> 0 | C8: ='Travel Budget'!C8 -> 0 | D8: ='Travel Budget'!D8 -> 0 | E8: ='Travel Budget'!E8 -> 0 | G8: ='Travel Budget'!G8 -> 0 | H8: ='Travel Budget'!H8 -> 0 | I8: ='Travel Budget'!I8 -> 0 | K8: ='Travel Budget'!P8 -> 0 | L8: ='Travel Budget'!Q8 -> 0 | N8: ='Travel Budget'!S8 -> 0 | O8: ='Travel Budget'!T8 -> 0 | P8: ='Travel Budget'!U8 -> 0 | Q8: ='Travel Budget'!V8 -> 0 | R8: ='Travel Budget'!W8 -> 0 | S8: ='Travel Budget'!X8 -> 0 | Z8: =SUM(U8:Y8) -> 0 | AB8: =SUM(Z8-S8) -> 0
A9: ='Travel Budget'!A9 -> 0 | B9: ='Travel Budget'!B9 -> 0 | C9: ='Travel Budget'!C9 -> 0 | D9: ='Travel Budget'!D9 -> 0 | E9: ='Travel Budget'!E9 -> 0 | G9: ='Travel Budget'!G9 -> 0 | H9: ='Travel Budget'!H9 -> 0 | I9: ='Travel Budget'!I9 -> 0 | K9: ='Travel Budget'!P9 -> 0 | L9: ='Travel Budget'!Q9 -> 0 | N9: ='Travel Budget'!S9 -> 0 | O9: ='Travel Budget'!T9 -> 0 | P9: ='Travel Budget'!U9 -> 0 | Q9: ='Travel Budget'!V9 -> 0 | R9: ='Travel Budget'!W9 -> 0 | S9: ='Travel Budget'!X9 -> 0 | Z9: =SUM(U9:Y9) -> 0 | AB9: =SUM(Z9-S9) -> 0
A10: ='Travel Budget'!A10 -> 0 | B10: ='Travel Budget'!B10 -> 0 | C10: ='Travel Budget'!C10 -> 0 | D10: ='Travel Budget'!D10 -> 0 | E10: ='Travel Budget'!E10 -> 0 | G10: ='Travel Budget'!G10 -> 0 | H10: ='Travel Budget'!H10 -> 0 | I10: ='Travel Budget'!I10 -> 0 | K10: ='Travel Budget'!P10 -> 0 | L10: ='Travel Budget'!Q10 -> 0 | N10: ='Travel Budget'!S10 -> 0 | O10: ='Travel Budget'!T10 -> 0 | P10: ='Travel Budget'!U10 -> 0 | Q10: ='Travel Budget'!V10 -> 0 | R10: ='Travel Budget'!W10 -> 0 | S10: ='Travel Budget'!X10 -> 0 | Z10: =SUM(U10:Y10) -> 0 | AB10: =SUM(Z10-S10) -> 0
A11: ='Travel Budget'!A11 -> 0 | B11: ='Travel Budget'!B11 -> 0 | C11: ='Travel Budget'!C11 -> 0 | D11: ='Travel Budget'!D11 -> 0 | E11: ='Travel Budget'!E11 -> 0 | G11: ='Travel Budget'!G11 -> 0 | H11: ='Travel Budget'!H11 -> 0 | I11: ='Travel Budget'!I11 -> 0 | K11: ='Travel Budget'!P11 -> 0 | L11: ='Travel Budget'!Q11 -> 0 | N11: ='Travel Budget'!S11 -> 0 | O11: ='Travel Budget'!T11 -> 0 | P11: ='Travel Budget'!U11 -> 0 | Q11: ='Travel Budget'!V11 -> 0 | R11: ='Travel Budget'!W11 -> 0 | S11: ='Travel Budget'!X11 -> 0 | Z11: =SUM(U11:Y11) -> 0 | AB11: =SUM(Z11-S11) -> 0
A12: ='Travel Budget'!A12 -> 0 | B12: ='Travel Budget'!B12 -> 0 | C12: ='Travel Budget'!C12 -> 0 | D12: ='Travel Budget'!D12 -> 0 | E12: ='Travel Budget'!E12 -> 0 | G12: ='Travel Budget'!G12 -> 0 | H12: ='Travel Budget'!H12 -> 0 | I12: ='Travel Budget'!I12 -> 0 | K12: ='Travel Budget'!P12 -> 0 | L12: ='Travel Budget'!Q12 -> 0 | N12: ='Travel Budget'!S12 -> 0 | O12: ='Travel Budget'!T12 -> 0 | P12: ='Travel Budget'!U12 -> 0 | Q12: ='Travel Budget'!V12 -> 0 | R12: ='Travel Budget'!W12 -> 0 | S12: ='Travel Budget'!X12 -> 0 | Z12: =SUM(U12:Y12) -> 0 | AB12: =SUM(Z12-S12) -> 0
A13: ='Travel Budget'!A13 -> 0 | B13: ='Travel Budget'!B13 -> 0 | C13: ='Travel Budget'!C13 -> 0 | D13: ='Travel Budget'!D13 -> 0 | E13: ='Travel Budget'!E13 -> 0 | G13: ='Travel Budget'!G13 -> 0 | H13: ='Travel Budget'!H13 -> 0 | I13: ='Travel Budget'!I13 -> 0 | K13: ='Travel Budget'!P13 -> 0 | L13: ='Travel Budget'!Q13 -> 0 | N13: ='Travel Budget'!S13 -> 0 | O13: ='Travel Budget'!T13 -> 0 | P13: ='Travel Budget'!U13 -> 0 | Q13: ='Travel Budget'!V13 -> 0 | R13: ='Travel Budget'!W13 -> 0 | S13: ='Travel Budget'!X13 -> 0 | Z13: =SUM(U13:Y13) -> 0 | AB13: =SUM(Z13-S13) -> 0
A14: ='Travel Budget'!A14 -> 0 | B14: ='Travel Budget'!B14 -> 0 | C14: ='Travel Budget'!C14 -> 0 | D14: ='Travel Budget'!D14 -> 0 | E14: ='Travel Budget'!E14 -> 0 | G14: ='Travel Budget'!G14 -> 0 | H14: ='Travel Budget'!H14 -> 0 | I14: ='Travel Budget'!I14 -> 0 | K14: ='Travel Budget'!P14 -> 0 | L14: ='Travel Budget'!Q14 -> 0 | N14: ='Travel Budget'!S14 -> 0 | O14: ='Travel Budget'!T14 -> 0 | P14: ='Travel Budget'!U14 -> 0 | Q14: ='Travel Budget'!V14 -> 0 | R14: ='Travel Budget'!W14 -> 0 | S14: ='Travel Budget'!X14 -> 0 | Z14: =SUM(U14:Y14) -> 0 | AB14: =SUM(Z14-S14) -> 0
A15: ='Travel Budget'!A15 -> 0 | B15: ='Travel Budget'!B15 -> 0 | C15: ='Travel Budget'!C15 -> 0 | D15: ='Travel Budget'!D15 -> 0 | E15: ='Travel Budget'!E15 -> 0 | G15: ='Travel Budget'!G15 -> 0 | H15: ='Travel Budget'!H15 -> 0 | I15: ='Travel Budget'!I15 -> 0 | K15: ='Travel Budget'!P15 -> 0 | L15: ='Travel Budget'!Q15 -> 0 | N15: ='Travel Budget'!S15 -> 0 | O15: ='Travel Budget'!T15 -> 0 | P15: ='Travel Budget'!U15 -> 0 | Q15: ='Travel Budget'!V15 -> 0 | R15: ='Travel Budget'!W15 -> 0 | S15: ='Travel Budget'!X15 -> 0 | Z15: =SUM(U15:Y15) -> 0 | AB15: =SUM(Z15-S15) -> 0
A16: ='Travel Budget'!A16 -> 0 | B16: ='Travel Budget'!B16 -> 0 | C16: ='Travel Budget'!C16 -> 0 | D16: ='Travel Budget'!D16 -> 0 | E16: ='Travel Budget'!E16 -> 0 | G16: ='Travel Budget'!G16 -> 0 | H16: ='Travel Budget'!H16 -> 0 | I16: ='Travel Budget'!I16 -> 0 | K16: ='Travel Budget'!P16 -> 0 | L16: ='Travel Budget'!Q16 -> 0 | N16: ='Travel Budget'!S16 -> 0 | O16: ='Travel Budget'!T16 -> 0 | P16: ='Travel Budget'!U16 -> 0 | Q16: ='Travel Budget'!V16 -> 0 | R16: ='Travel Budget'!W16 -> 0 | S16: ='Travel Budget'!X16 -> 0 | Z16: =SUM(U16:Y16) -> 0 | AB16: =SUM(Z16-S16) -> 0
A17: ='Travel Budget'!A17 -> 0 | B17: ='Travel Budget'!B17 -> 0 | C17: ='Travel Budget'!C17 -> 0 | D17: ='Travel Budget'!D17 -> 0 | E17: ='Travel Budget'!E17 -> 0 | G17: ='Travel Budget'!G17 -> 0 | H17: ='Travel Budget'!H17 -> 0 | I17: ='Travel Budget'!I17 -> 0 | L17: ='Travel Budget'!Q17 -> 0 | N17: ='Travel Budget'!S17 -> 0 | O17: ='Travel Budget'!T17 -> 0 | P17: ='Travel Budget'!U17 -> 0 | Q17: ='Travel Budget'!V17 -> 0 | R17: ='Travel Budget'!W17 -> 0 | S17: ='Travel Budget'!X17 -> 0 | Z17: =SUM(U17:Y17) -> 0 | AB17: =SUM(Z17-S17) -> 0
A18: ='Travel Budget'!A18 -> 0 | B18: ='Travel Budget'!B18 -> 0 | C18: ='Travel Budget'!C18 -> 0 | D18: ='Travel Budget'!D18 -> 0 | E18: ='Travel Budget'!E18 -> 0 | G18: ='Travel Budget'!G18 -> 0 | H18: ='Travel Budget'!H18 -> 0 | I18: ='Travel Budget'!I18 -> 0 | K18: ='Travel Budget'!P18 -> 0 | L18: ='Travel Budget'!Q18 -> 0 | N18: ='Travel Budget'!S18 -> 0 | O18: ='Travel Budget'!T18 -> 0 | P18: ='Travel Budget'!U18 -> 0 | Q18: ='Travel Budget'!V18 -> 0 | R18: ='Travel Budget'!W18 -> 0 | S18: ='Travel Budget'!X18 -> 0 | Z18: =SUM(U18:Y18) -> 0 | AB18: =SUM(Z18-S18) -> 0
A19: ='Travel Budget'!A19 -> 0 | B19: ='Travel Budget'!B19 -> 0 | C19: ='Travel Budget'!C19 -> 0 | D19: ='Travel Budget'!D19 -> 0 | E19: ='Travel Budget'!E19 -> 0 | G19: ='Travel Budget'!G19 -> 0 | H19: ='Travel Budget'!H19 -> 0 | I19: ='Travel Budget'!I19 -> 0 | K19: ='Travel Budget'!P19 -> 0 | L19: ='Travel Budget'!Q19 -> 0 | N19: ='Travel Budget'!S19 -> 0 | O19: ='Travel Budget'!T19 -> 0 | P19: ='Travel Budget'!U19 -> 0 | Q19: ='Travel Budget'!V19 -> 0 | R19: ='Travel Budget'!W19 -> 0 | S19: ='Travel Budget'!X19 -> 0 | Z19: =SUM(U19:Y19) -> 0 | AB19: =SUM(Z19-S19) -> 0
A20: ='Travel Budget'!A20 -> 0 | B20: ='Travel Budget'!B20 -> 0 | C20: ='Travel Budget'!C20 -> 0 | D20: ='Travel Budget'!D20 -> 0 | E20: ='Travel Budget'!E20 -> 0 | G20: ='Travel Budget'!G20 -> 0 | H20: ='Travel Budget'!H20 -> 0 | I20: ='Travel Budget'!I20 -> 0 | K20: ='Travel Budget'!P20 -> 0 | L20: ='Travel Budget'!Q20 -> 0 | N20: ='Travel Budget'!S20 -> 0 | O20: ='Travel Budget'!T20 -> 0 | P20: ='Travel Budget'!U20 -> 0 | Q20: ='Travel Budget'!V20 -> 0 | R20: ='Travel Budget'!W20 -> 0 | S20: ='Travel Budget'!X20 -> 0 | Z20: =SUM(U20:Y20) -> 0 | AB20: =SUM(Z20-S20) -> 0
A21: ='Travel Budget'!A21 -> 0 | B21: ='Travel Budget'!B21 -> 0 | C21: ='Travel Budget'!C21 -> 0 | D21: ='Travel Budget'!D21 -> 0 | E21: ='Travel Budget'!E21 -> 0 | G21: ='Travel Budget'!G21 -> 0 | H21: ='Travel Budget'!H21 -> 0 | I21: ='Travel Budget'!I21 -> 0 | K21: ='Travel Budget'!P21 -> 0 | L21: ='Travel Budget'!Q21 -> 0 | N21: ='Travel Budget'!S21 -> 0 | O21: ='Travel Budget'!T21 -> 0 | P21: ='Travel Budget'!U21 -> 0 | Q21: ='Travel Budget'!V21 -> 0 | R21: ='Travel Budget'!W21 -> 0 | S21: ='Travel Budget'!X21 -> 0 | Z21: =SUM(U21:Y21) -> 0 | AB21: =SUM(Z21-S21) -> 0
A22: ='Travel Budget'!A22 -> 0 | B22: ='Travel Budget'!B22 -> 0 | C22: ='Travel Budget'!C22 -> 0 | D22: ='Travel Budget'!D22 -> 0 | E22: ='Travel Budget'!E22 -> 0 | G22: ='Travel Budget'!G22 -> 0 | H22: ='Travel Budget'!H22 -> 0 | I22: ='Travel Budget'!I22 -> 0 | K22: ='Travel Budget'!P22 -> 0 | L22: ='Travel Budget'!Q22 -> 0 | N22: ='Travel Budget'!S22 -> 0 | O22: ='Travel Budget'!T22 -> 0 | P22: ='Travel Budget'!U22 -> 0 | Q22: ='Travel Budget'!V22 -> 0 | R22: ='Travel Budget'!W22 -> 0 | S22: ='Travel Budget'!X22 -> 0 | Z22: =SUM(U22:Y22) -> 0 | AB22: =SUM(Z22-S22) -> 0
A23: ='Travel Budget'!A23 -> 0 | B23: ='Travel Budget'!B23 -> 0 | C23: ='Travel Budget'!C23 -> 0 | D23: ='Travel Budget'!D23 -> 0 | E23: ='Travel Budget'!E23 -> 0 | G23: ='Travel Budget'!G23 -> 0 | H23: ='Travel Budget'!H23 -> 0 | I23: ='Travel Budget'!I23 -> 0 | K23: ='Travel Budget'!P23 -> 0 | L23: ='Travel Budget'!Q23 -> 0 | N23: ='Travel Budget'!S23 -> 0 | O23: ='Travel Budget'!T23 -> 0 | P23: ='Travel Budget'!U23 -> 0 | Q23: ='Travel Budget'!V23 -> 0 | R23: ='Travel Budget'!W23 -> 0 | S23: ='Travel Budget'!X23 -> 0 | Z23: =SUM(U23:Y23) -> 0 | AB23: =SUM(Z23-S23) -> 0
A24: ='Travel Budget'!A24 -> 0 | B24: ='Travel Budget'!B24 -> 0 | C24: ='Travel Budget'!C24 -> 0 | D24: ='Travel Budget'!D24 -> 0 | E24: ='Travel Budget'!E24 -> 0 | G24: ='Travel Budget'!G24 -> 0 | H24: ='Travel Budget'!H24 -> 0 | I24: ='Travel Budget'!I24 -> 0 | K24: ='Travel Budget'!P24 -> 0 | L24: ='Travel Budget'!Q24 -> 0 | N24: ='Travel Budget'!S24 -> 0 | O24: ='Travel Budget'!T24 -> 0 | P24: ='Travel Budget'!U24 -> 0 | Q24: ='Travel Budget'!V24 -> 0 | R24: ='Travel Budget'!W24 -> 0 | S24: ='Travel Budget'!X24 -> 0 | Z24: =SUM(U24:Y24) -> 0 | AB24: =SUM(Z24-S24) -> 0
A25: ='Travel Budget'!A25 -> 0 | B25: ='Travel Budget'!B25 -> 0 | C25: ='Travel Budget'!C25 -> 0 | D25: ='Travel Budget'!D25 -> 0 | E25: ='Travel Budget'!E25 -> 0 | G25: ='Travel Budget'!G25 -> 0 | H25: ='Travel Budget'!H25 -> 0 | I25: ='Travel Budget'!I25 -> 0 | K25: ='Travel Budget'!P25 -> 0 | L25: ='Travel Budget'!Q25 -> 0 | N25: ='Travel Budget'!S25 -> 0 | O25: ='Travel Budget'!T25 -> 0 | P25: ='Travel Budget'!U25 -> 0 | Q25: ='Travel Budget'!V25 -> 0 | R25: ='Travel Budget'!W25 -> 0 | S25: ='Travel Budget'!X25 -> 0 | Z25: =SUM(U25:Y25) -> 0 | AB25: =SUM(Z25-S25) -> 0
A26: ='Travel Budget'!A26 -> 0 | B26: ='Travel Budget'!B26 -> 0 | C26: ='Travel Budget'!C26 -> 0 | D26: ='Travel Budget'!D26 -> 0 | E26: ='Travel Budget'!E26 -> 0 | G26: ='Travel Budget'!G26 -> 0 | H26: ='Travel Budget'!H26 -> 0 | I26: ='Travel Budget'!I26 -> 0 | K26: ='Travel Budget'!P26 -> 0 | L26: ='Travel Budget'!Q26 -> 0 | N26: ='Travel Budget'!S26 -> 0 | O26: ='Travel Budget'!T26 -> 0 | P26: ='Travel Budget'!U26 -> 0 | Q26: ='Travel Budget'!V26 -> 0 | R26: ='Travel Budget'!W26 -> 0 | S26: ='Travel Budget'!X26 -> 0 | Z26: =SUM(U26:Y26) -> 0 | AB26: =SUM(Z26-S26) -> 0
A27: ='Travel Budget'!A27 -> 0 | B27: ='Travel Budget'!B27 -> 0 | C27: ='Travel Budget'!C27 -> 0 | D27: ='Travel Budget'!D27 -> 0 | E27: ='Travel Budget'!E27 -> 0 | G27: ='Travel Budget'!G27 -> 0 | H27: ='Travel Budget'!H27 -> 0 | I27: ='Travel Budget'!I27 -> 0 | K27: ='Travel Budget'!P27 -> 0 | L27: ='Travel Budget'!Q27 -> 0 | N27: ='Travel Budget'!S27 -> 0 | O27: ='Travel Budget'!T27 -> 0 | P27: ='Travel Budget'!U27 -> 0 | Q27: ='Travel Budget'!V27 -> 0 | R27: ='Travel Budget'!W27 -> 0 | S27: ='Travel Budget'!X27 -> 0 | Z27: =SUM(U27:Y27) -> 0 | AB27: =SUM(Z27-S27) -> 0
A28: ='Travel Budget'!A28 -> 0 | B28: ='Travel Budget'!B28 -> 0 | C28: ='Travel Budget'!C28 -> 0 | D28: ='Travel Budget'!D28 -> 0 | E28: ='Travel Budget'!E28 -> 0 | G28: ='Travel Budget'!G28 -> 0 | H28: ='Travel Budget'!H28 -> 0 | I28: ='Travel Budget'!I28 -> 0 | K28: ='Travel Budget'!P28 -> 0 | L28: ='Travel Budget'!Q28 -> 0 | N28: ='Travel Budget'!S28 -> 0 | O28: ='Travel Budget'!T28 -> 0 | P28: ='Travel Budget'!U28 -> 0 | Q28: ='Travel Budget'!V28 -> 0 | R28: ='Travel Budget'!W28 -> 0 | S28: ='Travel Budget'!X28 -> 0 | Z28: =SUM(U28:Y28) -> 0 | AB28: =SUM(Z28-S28) -> 0
A29: ='Travel Budget'!A29 -> 0 | B29: ='Travel Budget'!B29 -> 0 | C29: ='Travel Budget'!C29 -> 0 | D29: ='Travel Budget'!D29 -> 0 | E29: ='Travel Budget'!E29 -> 0 | G29: ='Travel Budget'!G29 -> 0 | H29: ='Travel Budget'!H29 -> 0 | I29: ='Travel Budget'!I29 -> 0 | K29: ='Travel Budget'!P29 -> 0 | L29: ='Travel Budget'!Q29 -> 0 | N29: ='Travel Budget'!S29 -> 0 | O29: ='Travel Budget'!T29 -> 0 | P29: ='Travel Budget'!U29 -> 0 | Q29: ='Travel Budget'!V29 -> 0 | R29: ='Travel Budget'!W29 -> 0 | S29: ='Travel Budget'!X29 -> 0 | Z29: =SUM(U29:Y29) -> 0 | AB29: =SUM(Z29-S29) -> 0
... A1806: ='Travel Budget'!A1806 -> 0 | B1806: ='Travel Budget'!B1806 -> 0 | C1806: ='Travel Budget'!C1806 -> 0 | D1806: ='Travel Budget'!D1806 -> 0 | E1806: ='Travel Budget'!E1806 -> 0 | G1806: ='Travel Budget'!G1806 -> 0 | H1806: ='Travel Budget'!H1806 -> 0 | I1806: ='Travel Budget'!I1806 -> 0 | K1806: ='Travel Budget'!P1806 -> 0 | L1806: ='Travel Budget'!Q1806 -> 0 | N1806: ='Travel Budget'!S1806 -> 0 | O1806: ='Travel Budget'!T1806 -> 0 | P1806: ='Travel Budget'!U1806 -> 0 | Q1806: ='Travel Budget'!V1806 -> 0 | R1806: ='Travel Budget'!W1806 -> 0 | S1806: ='Travel Budget'!X1806 -> 0 | Z1806: =SUM(U1806:Y1806) -> 0 | AB1806: =SUM(Z1806-S1806) -> 0
A1807: ='Travel Budget'!A1807 -> 0 | B1807: ='Travel Budget'!B1807 -> 0 | C1807: ='Travel Budget'!C1807 -> 0 | D1807: ='Travel Budget'!D1807 -> 0 | E1807: ='Travel Budget'!E1807 -> 0 | G1807: ='Travel Budget'!G1807 -> 0 | H1807: ='Travel Budget'!H1807 -> 0 | I1807: ='Travel Budget'!I1807 -> 0 | K1807: ='Travel Budget'!P1807 -> 0 | L1807: ='Travel Budget'!Q1807 -> 0 | N1807: ='Travel Budget'!S1807 -> 0 | O1807: ='Travel Budget'!T1807 -> 0 | S1807: ='Travel Budget'!X1807 -> 0 | Z1807: =SUM(U1807:Y1807) -> 0 | AB1807: =SUM(Z1807-S1807) -> 0
Z1808: =SUM(Z8:Z1807) -> 0
